 Dungeon Crawl Stone Soup version 0.23-a0-315-ga85b81c (webtiles) character file.

114 Amnesiac the Digger (level 4, 0/36 HPs)
             Began as a Deep Dwarf Earth Elementalist on Oct 13, 2018.
             Killed by nerve-wracking pain
             ... invoked by an orc priest
              (8 damage)
             ... on level 3 of the Dungeon.
             The game lasted 00:07:59 (2443 turns).

Amnesiac the Digger (Deep Dwarf Earth Elementalist) Turns: 2443, Time: 00:08:00

Health: 0/36       AC:  2    Str: 11    XL:     4   Next: 66%
Magic:  2/7        EV: 12    Int: 17    God:
Gold:   123        SH:  0    Dex: 13    Spells: 0/7 levels left

rFire    . . .     SeeInvis .   e - +1 dagger
rCold    . . .     Gourm    .   (no shield)
rNeg     . . .     Faith    .   c - +0 robe
rPois    .         Spirit   .   (no helmet)
rElec    .         Reflect  .   (no cloak)
rCorr    .         Harm     .   (no gloves)
MR       .....                  (no boots)
Stlth    ++........             (no amulet)
HPRegen  0.00/turn              (no ring)
MPRegen  0.10/turn              (no ring)

@: very slightly contaminated, non-regenerating
A: damage resistance, heal wounds, sense surroundings 1, no regeneration
a: Heal Wounds


You were on level 3 of the Dungeon.
You were not hungry.

You visited 1 branch of the dungeon, and saw 3 of its levels.

You collected 123 gold pieces.

Inventory:

Hand Weapons
 e - a +1 dagger (weapon)
 m - a +2 vampiric long sword
 p - a +0 blowgun
Missiles
 b - 91 stones (quivered)
 q - 9 poisoned needles
Armour
 c - a +0 robe (worn)
Scrolls
 f - a scroll of blinking {!r, unknown}
 g - a scroll of teleportation {!r}
 h - a scroll of identify {!r, unknown}
 j - a scroll of enchant armour {!r, unknown}
 n - a scroll of amnesia {!r}
Potions
 i - a potion of haste {!q, unknown}
 k - a potion of mutation {!q, unknown}
 l - a potion of flight {!q, unknown}
 o - a potion of resistance {!q, unknown}
Comestibles
 a - 3 chunks of flesh
 d - 5 rations


   Skills:
 - Level 3.1 Short Blades
 - Level 2.1 Dodging
 - Level 3.1 Stealth
 - Level 2.0 Spellcasting
 + Level 1.8 Transmutations
 - Level 4.0 Earth Magic


You couldn't memorise any spells.
You knew the following spells:

 Your Spells              Type           Power        Failure   Level  Hunger
a - Sandblast             Erth           ###...       3%          1    #......
b - Passwall              Tmut/Erth      ##......     9%          2    ###....
e - Petrify               Tmut/Erth      ##......     50%         4    #####..

Your spell library contained the following spells:

 Spells                   Type           Power        Failure   Level  Hunger
 Stone Arrow              Conj/Erth      #.....       26%         3    ###....
 Lee's Rapid Deconstruct  Erth           ###.......   71%         5    ######.


Dungeon Overview and Level Annotations

Branches:
Dungeon (3/15)

Altars:
Trog


Innate Abilities, Weirdness & Mutations

You are resistant to damage.
You can heal yourself by infusing magical energy.
You passively map a small area around you.
You do not regenerate.


Message History

b - 93 stones
Casting: Sandblast (safe; 3% risk of failure)
Confirm with . or Enter, or press ? or * to list all spells.
Aiming: Sandblast (safe; 3% risk of failure)
Press: ? - help, Shift-Dir - straight line, f/p - orc
Aim: an orc (heavily wounded)
The blast of sand hits the orc.
You kill the orc!
b - 92 stones You see here an orc corpse.
You butcher the orc corpse.
a - 14 chunks of flesh (gained 3)
You see here an orc skeleton.
You start resting.
Some of the chunks of flesh in your inventory have rotted away.
Magic restored.
You start resting.
Magic restored.
You see here a robe.
Some of the chunks of flesh in your inventory have rotted away.
The orc is too close now for your liking.
An orc is nearby!
An orc is nearby!
Casting: Sandblast (safe; 3% risk of failure)
Confirm with . or Enter, or press ? or * to list all spells.
The spell is very dangerous to cast (50% risk of failure)!
Continue anyway? [Y]es or [N]o only, please.
The spell is very dangerous to cast (50% risk of failure)!
Continue anyway? [Y]es or [N]o only, please.
The spell is very dangerous to cast (50% risk of failure)!
Continue anyway? [Y]es or [N]o only, please.
The spell is very dangerous to cast (50% risk of failure)!
Continue anyway? [Y]es or [N]o only, please.
The spell is very dangerous to cast (50% risk of failure)!
Continue anyway?
Okay, then.
The orc priest shouts!
You hear a shout!
The orc priest invokes the aid of Beogh against you.
Beogh smites you!
* * * LOW HITPOINT WARNING * * *
The orc shouts!
Casting: Petrify (very dangerous; 50% risk of failure)
Confirm with . or Enter, or press ? or * to list all spells.
Aiming: Sandblast (safe; 3% risk of failure)
Press: ? - help, Shift-Dir - straight line, f - orc
Aim: an orc The blast of sand hits the orc.
You kill the orc!
b - 91 stones Unknown command.
Casting: Sandblast (safe; 3% risk of failure)
Confirm with . or Enter, or press ? or * to list all spells.
The spell is very dangerous to cast (50% risk of failure)!
Continue anyway? [Y]es or [N]o only, please.
The spell is very dangerous to cast (50% risk of failure)!
Continue anyway?
Aiming: Petrify (very dangerous; 50% risk of failure)
Press: ? - help, Shift-Dir - straight line, f - orc priest
Aim: an orc priest, wielding a flail and wearing a ring mail (chance to defeat Marked for pickup.
You miscast Petrify.
You are very lightly contaminated with residual magic.
You feel a strange surge of energy!
The orc priest invokes the aid of Beogh against you.
Pain shoots through your body!
You die...

#############.######.##....#.# #
........#####.# #...##....#.####
#######.#...#.####.####....#.....
### #.#.#.<............#.#.####
..# #.#.###.####..######.###
..#####.#.....# #.#######.#
..+.....#.##### #.........#
..###.......#####################
..#
#.........o.@.........[..รท...
..# #..................##########
..# #..................# #....
..# #..................# #....
#######.################ #....
##....o....# ##### #....
##......>..# #...# #....
##.........# #...# #....
##.........# #...# #....


You could see an orc priest.

Vanquished Creatures
  A howler monkey skeleton (D:3)
  3 worms
  3 dart slugs
  2 leopard geckos (D:3)
  8 orcs
  7 giant cockroaches
  5 goblins
  12 hobgoblins
  10 jackals
  6 bats
  3 frilled lizards
  8 kobolds
  6 rats
74 creatures vanquished.

Notes
Turn   | Place    | Note
-------+----------+-------------------------------------------
     0 | D:1      | Amnesiac the Deep Dwarf Earth Elementalist began the quest
                  | for the Orb.
     0 | D:1      | Reached XP level 1. HP: 15/15 MP: 3/3
    88 | D:1      | Reached XP level 2. HP: 10/22 MP: 5/5
   235 | D:1      | Reached skill level 1 in Short Blades
   738 | D:1      | Reached XP level 3. HP: 4/28 MP: 3/6
   746 | D:1      | Learned a level 2 spell: Passwall
  1357 | D:2      | Found a bloodstained altar of Trog.
  1704 | D:3      | Reached XP level 4. HP: 25/36 MP: 7/7
  1717 | D:3      | Learned a level 4 spell: Petrify
  2098 | D:3      | Reached skill level 1 in Transmutations
  2443 | D:3      | Killed from afar by an orc priest

Vault maps used:
D:1:      scummos_arrival_hexagon
D:2:      trog_book
D:3:      first_ration

Skill      XL: |  1  2  3  4 |
---------------+-------------+-----
Spellcasting   | 2 |  2.0
Stealth        | 3 |  3.1
Short Blades   | 1 2 3 |  3.1
Transmutations | 1 |  1.8
Dodging        | |  2.1
Earth Magic    | |  4.0

Action                   |  1- 3 |  4- 6 || total
-------------------------+-------+-------++-------
Melee: Unarmed           |    30 |       ||    30
       Dagger            |   117 |    28 ||   145
 Cast: Sandblast         |    33 |    18 ||    51
       Passwall          |     1 |     1 ||     2
       Petrify           |       |     1 ||     1
 Abil: Heal Wounds       |     1 |       ||     1
  Use: Potion            |     2 |       ||     2
       Scroll            |     4 |       ||     4
 Stab: Sleeping          |    10 |     1 ||    11
       Distracted        |     1 |       ||     1
  Eat: Chunk             |     3 |     3 ||     6
Armor: Robe              |    39 |     2 ||    41
Dodge: Dodged            |   117 |    13 ||   130

Table legend:
 A = Non-vault XP
 B = Vault XP
 C = Vault XP percentage of total XP
 D = Non-vault monster count
 E = Vault monster count
 F = Vault count percentage of total count
                 A         B        C        D         E       F
            +---------+---------+-------+---------+---------+-------
      Total |     163 |       0 |   0.0 |      74 |       0 |   0.0
            +---------+---------+-------+---------+---------+-------
        D:1 |      42 |       0 |   0.0 |      24 |       0 |   0.0
        D:2 |      49 |       0 |   0.0 |      25 |       0 |   0.0
        D:3 |      72 |       0 |   0.0 |      25 |       0 |   0.0
            +---------+---------+-------+---------+---------+-------
